 Dungeon Crawl Stone Soup version 0.29.1-2-gbd0b4ee654 (webtiles) character file.

Game seed: 14732751143624995529

3336 LustLizard the Covert (level 9, -8/48 HPs)
             Began as a Spriggan Hunter on Nov 2, 2022.
             Was an Initiate of Dithmenos.
             Shot with a sling bullet by Joseph (9 damage)
             ... on level 8 of the Dungeon.
             The game lasted 00:20:24 (11115 turns).

LustLizard the Covert (Spriggan Hunter)            Turns: 11115, Time: 00:20:25

Health: -8/48      AC:  3    Str:  7    XL:     9   Next: 72%
Magic:  0/19       EV: 18    Int: 12    God:    Dithmenos [......]
Gold:   392        SH:  0    Dex: 21    Spells: 8/8 levels left

rFire   . . .      SeeInvis +   a - +0 shortbow
rCold   . . .      Faith    .   (shield currently unavailable)
rNeg    . . .      Spirit   +   c - +0 robe
rPois   .          Reflect  .   (helmet restricted)
rElec   .          Harm     .   q - +0 cloak
rCorr   +          Rampage  .   (gloves unavailable)
Will    +....                   (boots unavailable)
Stlth   +++++.....              y - amulet of guardian spirit
HPRegen 0.16/turn               C - ring of resist corrosion
MPRegen 0.16/turn               D - ring of magical power

@: very quick
A: very small, no large weapons, unfitting armour, see invisible, speed 3
a: Renounce Religion


You were on level 8 of the Dungeon.
You worshipped Dithmenos.
Dithmenos was noncommittal.
You visited 2 branches of the dungeon, and saw 10 of its levels.

You collected 392 gold pieces.

Inventory:

Hand Weapons
 a - a +0 shortbow (weapon)
Missiles
 k - 2 atropa-tipped darts
Armour
 c - a +0 robe (worn)
 q - a +0 cloak (worn)
Jewellery
 x - a ring of ice
 y - an amulet of guardian spirit (around neck)
 C - a ring of resist corrosion (left hand)
 D - a ring of magical power (right hand)
Wands
 B - a wand of charming (8)
Scrolls
 b - 2 scrolls of immolation
 d - 2 scrolls of magic mapping
 g - a scroll of blinking
 l - 2 scrolls of teleportation {unknown}
 m - a scroll of vulnerability {unknown}
 n - a scroll of silence {unknown}
 o - 2 scrolls of noise {unknown}
 r - a scroll of enchant armour {unknown}
 s - a scroll of amnesia {unknown}
 t - a scroll of acquirement {unknown}
 v - 2 scrolls of butterflies
Potions
 e - 4 potions of mutation
 f - 5 potions of curing
 h - 2 potions of haste {unknown}
 i - 2 potions of brilliance
 j - 2 potions of heal wounds
 p - 2 potions of flight {unknown}
 u - a potion of might {unknown}
 w - a potion of ambrosia {unknown}
 z - a potion of lignification {unknown}
 A - 2 potions of resistance {unknown}


   Skills:
 + Level 5.9 Fighting
 * Level 10.6 Ranged Weapons
 - Level 2.6 Dodging
 + Level 10.8 Stealth


You had 8 spell levels left.
You didn't know any spells.
Your spell library was empty.

Dungeon Overview and Level Annotations

Branches:
Dungeon (9/15)             Temple (1/1) D:6
   Lair: D:8-11         Orc: D:9-12

Altars:
Cheibriados
Dithmenos
Elyvilon
Fedhas
Gozag
Hepliaklqana
Kikubaaqudgha
Makhleb
Nemelex Xobeh
Okawaru
Qazlal
Ru
Sif Muna
Trog
Uskayaw
Vehumet
Xom
Yredelemnul
The Shining One

Annotations:
D:5 3 runed translucent doors, 0gre's ghost, novice GnFi; Eustachio
D:8 exclusion: 2 steam dragons, Joseph


Innate Abilities, Weirdness & Mutations

You are very small and have problems with some larger weapons.
You are too small for most types of armour.
You have supernaturally acute eyesight. (SInv)
You cover ground extremely quickly. (Speed+++)


Message History

Press: ? - help, Q - select action, (/) - cycle Shift-Dir - straight line, f - boulder beetle
Aim: a boulder beetle (wandering, hasn't noticed you, 91% to hit)
You shoot an arrow.
The arrow completely misses the boulder beetle.
Joseph shoots a sling bullet.
The sling bullet completely misses you. The boulder beetle closely misses you.
Fire: a) +0 shortbow
Press: ? - help, Q - select action, (/) - cycle Shift-Dir - straight line, f - Joseph, p - boulder beetle
Aim: Joseph, wielding a +0 sling and wearing a +0 leather armour (lightly wounded, inner flame, 69% to hit)
You shoot an arrow. The arrow hits Joseph.
Flame seeps out of Joseph.
Joseph is moderately wounded.
Joseph is engulfed in blazing flames.
Flame seeps out of Joseph.
Joseph shoots a sling bullet.
The sling bullet completely misses you. The boulder beetle bites you!!
Fire: a) +0 shortbow
Press: ? - help, Q - select action, (/) - cycle Shift-Dir - straight line, f/p - Joseph
Aim: Joseph, wielding a +0 sling and wearing a +0 leather armour (flame, moderately wounded, inner flame, 69% to hit)
You shoot an arrow.
The arrow hits Joseph but does no damage.
Joseph is moderately wounded.
Joseph is engulfed in blazing flames.
Flame seeps out of Joseph.
Joseph shoots a sling bullet.
The sling bullet closely misses you. The boulder beetle bites you!
Fire: a) +0 shortbow
Press: ? - help, Q - select action, (/) - cycle Shift-Dir - straight line, f/p - Joseph
Aim: Joseph, wielding a +0 sling and wearing a +0 leather armour (flame, heavily wounded, inner flame, 69% to hit)
You shoot an arrow. The arrow hits Joseph.
Flame seeps out of Joseph.
Joseph is severely wounded.
Joseph is engulfed in blazing flames.
Flame seeps out of Joseph.
Joseph shoots a sling bullet.
The sling bullet closely misses you. The boulder beetle bites you!!
* * * LOW HITPOINT WARNING * * *
Fire: a) +0 shortbow
Press: ? - help, Q - select action, (/) - cycle Shift-Dir - straight line, f/p - Joseph
Aim: Joseph, wielding a +0 sling and wearing a +0 leather armour (severely wounded, inner flame, 69% to hit)
You shoot an arrow. The arrow hits Joseph.
Flame seeps out of Joseph.
Joseph is severely wounded.
Joseph is engulfed in blazing flames.
Flame seeps out of Joseph.
Joseph shoots a sling bullet.
The sling bullet hits you!
You die...

######### ........####
...>..<.##.###
.............###### ###########
......@........[@.# #......$...
....@.......#.@##B####B.........
......##.........D...#.........B
......##........................
................B.......>.......
......####.##........#..........
.....## #.###..................
.....# ..# #..........###.....
.....# #.D# #....###..(#####..


You could see a boulder beetle, Joseph (inner flame) and a steam dragon.

Vanquished Creatures
  Prince Ribbit (D:7)
  A wyvern (D:8)
  Menkaure (D:7)
  6 water moccasins
  A sky beast (D:6)
  4 black bears
  4 ogres
  2 centaurs
  A phantom (D:4)
  A kobold brigand (D:6)
  A necrophage (D:7)
  4 bullfrogs
  A scorpion (D:7)
  A howler monkey (D:5)
  6 hounds
  2 orc priests (D:6)
  2 jellies
  Crazy Yiuf (D:6)
  3 iguanas
  Jessica (D:3)
  An orc wizard (D:4)
  8 adders
  4 gnolls (D:3)
  A shadow imp (D:5)
  2 white imps
  4 ufetubi
  4 worms (D:2)
  3 dart slugs
  12 orcs
  12 ball pythons
  3 endoplasms
  5 giant cockroaches
  7 goblins
  10 hobgoblins
  5 jackals (D:2)
  5 quokkas
  6 bats
  2 frilled lizards
  10 kobolds
  13 rats
161 creatures vanquished.

Notes
Turn   | Place    | Note
-------+----------+-------------------------------------------
     0 | D:1      | LustLizard the Spriggan Hunter began the quest for the Orb.
     0 | D:1      | Reached XP level 1. HP: 10/10 MP: 2/2
   108 | D:1      | Reached XP level 2. HP: 15/15 MP: 3/3
   547 | D:1      | Reached XP level 3. HP: 7/18 MP: 4/4
   909 | D:1      | Found a faded altar of an unknown god.
  1584 | D:2      | Reached XP level 4. HP: 23/23 MP: 5/5
  1921 | D:2      | Reached skill level 5 in Ranged Weapons
  2868 | D:3      | Noticed Jessica
  2875 | D:3      | Killed Jessica
  2876 | D:3      | Reached XP level 5. HP: 10/27 MP: 6/6
  3755 | D:4      | Noticed a phantom
  3797 | D:4      | Reached XP level 6. HP: 32/32 MP: 7/7
  3816 | D:4      | Reached skill level 5 in Stealth
  4068 | D:4      | Reached XP level 7. HP: 36/36 MP: 8/8
  4637 | D:5      | Entered Level 5 of the Dungeon
  4982 | D:5      | Noticed Eustachio
  5644 | D:5      | Reached XP level 8. HP: 42/42 MP: 9/9
  5671 | D:5      | Found a runed translucent gate.
  5672 | D:5      | Found a runed translucent gate.
  5672 | D:5      | Found a runed translucent gate.
  5682 | D:5      | Noticed 0gre's ghost (novice GnFi)
  6317 | D:6      | Found a glowing golden altar of the Shining One.
  6452 | D:6      | Identified the +1 pair of gloves of Mugreriw {-Tele rF+
                  | Will+}
  6511 | D:6      | Found a staircase to the Ecumenical Temple.
  6522 | Temple   | Entered the Ecumenical Temple
  6885 | D:6      | Found a runed translucent door.
  6886 | D:6      | Noticed Crazy Yiuf
  6900 | D:6      | Killed Crazy Yiuf
  7745 | D:7      | Identified the +0 ring mail of the Eternal Void {rC+}
  7837 | D:6      | Reached skill level 5 in Fighting
  8027 | D:6      | Reached XP level 9. HP: 47/47 MP: 10/10
  8085 | D:7      | Identified the +6 hand axe of Sudden Death {vorpal, Fragile
                  | rElec Dex+9}
  8119 | D:7      | Found a bloodstained altar of Trog.
  8452 | D:7      | Noticed Menkaure
  8457 | D:7      | Noticed Prince Ribbit
  8465 | D:7      | Killed Menkaure
  8680 | D:7      | Found a shadowy altar of Dithmenos.
  8699 | D:7      | Became a worshipper of Dithmenos the Shadowed
  8957 | D:7      | Reached skill level 10 in Ranged Weapons
  8957 | D:7      | Reached skill level 10 in Stealth
  9437 | D:7      | Killed Prince Ribbit
  9734 | D:8      | Noticed Joseph
 10422 | D:8      | Noticed a boulder beetle
 11114 | D:8      | HP: 1/48 [boulder beetle (19)]
 11115 | D:8      | Shot with a sling bullet by Joseph

Illustrated notes

Levels and vault maps discovered:
D:1:      lightli_arrival_flooded_house, layout_basic, serial_co_window_serial,
          co_window_corner_a, co_window_paths_b, co_window_of_opportunity_a,
          co_window_paths_a, co_window_paths_b, co_window_corner_a,
          co_window_paths_c, co_window_broadway_c, co_window_of_opportunity_b,
          co_window_sun, co_window_paths_e, glass_columns_a, glass_columns_a,
          basic_ecumenical_altar, minmay_heptomino_w4
D:2:      minmay_diamond_boxcup, layout_basic, minmay_tripent
D:3:      layout_basic, uniq_jessica
D:4:      layout_loops_cross
D:5:      layout_loops_ring, gammafunk_ghost_necromancy, uniq_eustachio
D:6:      black_bear_nest_2, layout_basic, kennysheep_mini_moat,
          minmay_temple_entry_trees, patterned_corridor, uniq_crazy_yiuf_cottage
D:7:      layout_loops_cross, nicolae_dithmenos_through_a_glass_darkly,
          mainiacjoe_overflow_six_doors_small, chequers_serial_rivers_micro_e,
          uniq_menkaure, uniq_prince_ribbit1
D:8:      layout_rooms, nzn_wu_jian_contemplation, uniq_joseph
D:9:      layout_big_octagon, nicolae_overflow_crystal_walls
Temple:   nicolae_temple_slightly_damp_pantheon

Skill      XL: |  1  2  3  4  5  6  7  8  9 |
---------------+----------------------------+-----
Stealth        | 2 3 4 5 7 9 10 | 10.8
Fighting       | 2 3 4 5 |  5.9
Ranged Weapons | 5 6 7 9 10 | 10.6
Dodging        | |  2.6

Action                   |  1- 3 |  4- 6 |  7- 9 || total
-------------------------+-------+-------+-------++-------
 Fire: Shortbow          |   129 |   181 |   407 ||   717
  Use: Scroll            |       |       |     9 ||     9
Armor: Robe              |     3 |     2 |    16 ||    21
Dodge: Dodged            |    28 |    30 |   151 ||   209
